[ AOE2 MATCH · #477600027 ]
UnrankedBengalis vs Burmese
[ REPLAY ANALYSIS · EXTRACTED FROM THE RECORDED GAME ]
Feudal
—
Castle
—
Imperial
—
| APM avg | 18.3 |
| APM peak | 23 |
| eAPM avg | 7.0 |
| Villagers / military | 8 / 0 |
Focus
⚔️ 32.5% · 🌾 67.5%
Feudal
—
Castle
—
Imperial
—
| APM avg | 46.1 |
| APM peak | 80 |
| eAPM avg | 10.0 |
| Villagers / military | 11 / 0 |
Focus
⚔️ 16.7% · 🌾 83.3%
Feudal
—
Castle
—
Imperial
—
| APM avg | 20.7 |
| APM peak | 38 |
| eAPM avg | 3.5 |
| Villagers / military | 10 / 0 |
Focus
⚔️ 0.0% · 🌾 100.0%
Feudal
—
Castle
—
Imperial
—
| APM avg | 54.2 |
| APM peak | 81 |
| eAPM avg | 14.0 |
| Villagers / military | 12 / 0 |
Focus
⚔️ 8.9% · 🌾 91.1%
Feudal
—
Castle
—
Imperial
—
| APM avg | 30.5 |
| APM peak | 51 |
| eAPM avg | 12.3 |
| Villagers / military | 14 / 0 |
Focus
⚔️ 21.3% · 🌾 78.7%
Feudal
—
Castle
—
Imperial
—
| APM avg | 19.8 |
| APM peak | 35 |
| eAPM avg | 6.1 |
| Villagers / military | 9 / 0 |
Focus
⚔️ 25.0% · 🌾 75.0%
Feudal
—
Castle
—
Imperial
—
| APM avg | 35.9 |
| APM peak | 60 |
| eAPM avg | 15.3 |
| Villagers / military | 15 / 0 |
Focus
⚔️ 12.8% · 🌾 87.2%
Feudal
—
Castle
—
Imperial
—
| APM avg | 15.5 |
| APM peak | 66 |
| eAPM avg | 2.7 |
| Villagers / military | 7 / 0 |
Focus
⚔️ 0.0% · 🌾 100.0%
Match map
Initial resources + every placement click. Lines = walls · curves = elevation contours. ◆ gold · ⬟ stone · ● berries · ✦ relic · ◌ wall gap
Your base
NOC | Running's base
Frafn's base
LM | MaisterNippon's base
Nervkeks's base
Dubz1197's base
LM | L3ouis's base
____'s base
Smoothed initial terrain · ◌ = detected wall gap · hover for details
Inputs per minute
— whack - - NOC | Running
Build order — whack
13 actions detected in the replay
| 0:53 | Build | Town Center |
| 3:07 | Create | Villager (Male) |
| 3:08 | Create | Villager (Male) |
| 3:08 | Create | Villager (Male) |
| 3:08 | Create | Villager (Male) |
| 3:12 | Build | House |
| 3:35 | Research | Loom |
| 3:45 | Build | House |
| 4:16 | Create | Villager (Male) |
| 4:27 | Create | Villager (Male) |
| 4:53 | Create | Villager (Male) |
| 5:26 | Create | Villager (Male) |
| 6:05 | Build | Mill |
Build order — NOC | Running
15 actions detected in the replay
| 0:04 | Build | Town Center |
| 1:59 | Build | House |
| 2:37 | Create | Villager (Male) |
| 2:37 | Create | Villager (Male) |
| 2:38 | Create | Villager (Male) |
| 2:38 | Create | Villager (Male) |
| 3:45 | Create | Villager (Male) |
| 3:45 | Create | Villager (Male) |
| 4:21 | Build | House |
| 4:34 | Create | Villager (Male) |
| 4:47 | Build | Lumber Camp |
| 4:54 | Create | Villager (Male) |
| 5:28 | Create | Villager (Male) |
| 5:29 | Create | Villager (Male) |
| 5:29 | Create | Villager (Male) |
Build order — Frafn
12 actions detected in the replay
| 0:15 | Build | Town Center |
| 2:43 | Build | Mill |
| 2:51 | Create | Villager (Male) |
| 2:51 | Create | Villager (Male) |
| 2:52 | Create | Villager (Male) |
| 2:52 | Create | Villager (Male) |
| 4:24 | Create | Villager (Male) |
| 4:25 | Create | Villager (Male) |
| 4:42 | Create | Villager (Male) |
| 5:13 | Create | Villager (Male) |
| 5:14 | Create | Villager (Male) |
| 5:41 | Create | Villager (Male) |
Build order — LM | MaisterNippon
20 actions detected in the replay
| 0:12 | Build | Town Center |
| 1:53 | Build | House |
| 2:21 | Create | Villager (Male) |
| 2:22 | Create | Villager (Male) |
| 2:25 | Create | Villager (Male) |
| 2:30 | Create | Villager (Male) |
| 3:23 | Create | Villager (Male) |
| 3:33 | Build | House |
| 3:37 | Create | Villager (Male) |
| 3:42 | Build | House |
| 3:58 | Build | House |
| 4:13 | Create | Villager (Male) |
| 4:13 | Create | Villager (Male) |
| 4:30 | Build | House |
| 4:39 | Create | Villager (Male) |
| 5:22 | Build | Lumber Camp |
| 5:27 | Create | Villager (Male) |
| 5:36 | Create | Villager (Male) |
| 6:01 | Create | Villager (Male) |
| 6:15 | Build | House |
Build order — Nervkeks
18 actions detected in the replay
| 0:30 | Build | Town Center |
| 2:29 | Build | House |
| 2:43 | Create | Villager (Male) |
| 2:44 | Create | Villager (Male) |
| 2:44 | Create | Villager (Male) |
| 2:44 | Create | Villager (Male) |
| 3:46 | Create | Villager (Male) |
| 4:09 | Build | House |
| 4:19 | Create | Villager (Male) |
| 4:19 | Create | Villager (Male) |
| 4:46 | Build | Lumber Camp |
| 4:49 | Create | Villager (Male) |
| 4:50 | Create | Villager (Male) |
| 5:17 | Create | Villager (Male) |
| 5:17 | Create | Villager (Male) |
| 5:45 | Create | Villager (Male) |
| 5:45 | Create | Villager (Male) |
| 5:46 | Create | Villager (Male) |
Build order — Dubz1197
12 actions detected in the replay
| 1:04 | Build | Town Center |
| 3:13 | Research | Loom |
| 3:55 | Create | Villager (Male) |
| 3:55 | Create | Villager (Male) |
| 4:17 | Create | Villager (Male) |
| 4:18 | Create | Villager (Male) |
| 4:40 | Create | Villager (Male) |
| 4:40 | Create | Villager (Male) |
| 4:53 | Create | Villager (Male) |
| 5:18 | Build | Lumber Camp |
| 5:21 | Create | Villager (Male) |
| 5:38 | Create | Villager (Male) |
Build order — LM | L3ouis
20 actions detected in the replay
| 0:10 | Build | Town Center |
| 2:23 | Create | Villager (Male) |
| 2:23 | Create | Villager (Male) |
| 2:23 | Create | Villager (Male) |
| 2:26 | Create | Villager (Male) |
| 2:26 | Create | Villager (Male) |
| 2:34 | Build | House |
| 3:25 | Create | Villager (Male) |
| 4:10 | Build | House |
| 4:20 | Create | Villager (Male) |
| 4:20 | Create | Villager (Male) |
| 4:21 | Create | Villager (Male) |
| 4:36 | Build | Lumber Camp |
| 4:42 | Research | Loom |
| 4:43 | Create | Villager (Male) |
| 4:43 | Create | Villager (Male) |
| 5:15 | Create | Villager (Male) |
| 5:15 | Create | Villager (Male) |
| 5:16 | Create | Villager (Male) |
| 6:00 | Create | Villager (Male) |
Build order — ____
9 actions detected in the replay
| 0:53 | Build | Town Center |
| 3:18 | Create | Villager (Male) |
| 3:18 | Create | Villager (Male) |
| 3:19 | Create | Villager (Male) |
| 3:22 | Create | Villager (Male) |
| 3:26 | Build | House |
| 4:35 | Create | Villager (Male) |
| 4:35 | Create | Villager (Male) |
| 4:36 | Create | Villager (Male) |
Match timeline
| 5:43 | ____ · resign |
[ AI ANALYSIS · 1 CREDIT ]
What really happened in this match?
Wolo.gg analyzes every decision: build order, eco, micro, common mistakes by bracket. Personalized analysis on WhatsApp or Discord in 30 seconds.
Civ guide
Bengalis
Perfil
Jugador #23334095